 Dungeon Crawl Stone Soup version 0.27.0-1-g7a089689b8 (webtiles) character file.

Game seed: 13028544455672439716

5063 ZARRMARR the Protected (level 10, -1/132 HPs)
             Began as a Minotaur Berserker on Aug 17, 2021.
             Was an Elder of Trog.
             Slain by a centaur warrior (4 damage)
             ... on level 8 of the Dungeon.
             The game lasted 00:39:05 (9419 turns).

ZARRMARR the Protected (Minotaur Berserker)         Turns: 9419, Time: 00:39:07

Health: -1/132     AC: 25    Str: 29    XL:     10   Next: 31%
Magic:  9/9        EV:  2    Int:  4    God:    Trog [****..]
Gold:   323        SH:  3    Dex: 12    Spells: 9/9 levels left

rFire    . . .     SeeInvis .   s - +7 club
rCold    . . .     Faith    .   x - +0 buckler
rNeg     + + +     Spirit   .   (armour currently unavailable)
rPois    +         Reflect  .   (helmet currently unavailable)
rElec    .         Harm     .   (cloak currently unavailable)
rCorr    .         Rampage  .   (gloves currently unavailable)
Will     ++...     NoTele   +   (boots currently unavailable)
Stlth    +.........             (no amulet)
HPRegen  1.32/turn              n - +6 ring of strength
MPRegen  0.11/turn              (no ring)

@: tree-form, strong-willed, regenerating, studying Armour
A: stationary, stasis, torment immunity, boosted hp, (horns 2), (retaliatory
headbutt)
a: Renounce Religion, Berserk, Trog's Hand, Brothers in Arms


You were on level 8 of the Dungeon.
You worshipped Trog.
Trog was greatly pleased with you.
You were a tree.
You visited 1 branch of the dungeon, and saw 8 of its levels.

You collected 498 gold pieces.
You spent 175 gold pieces at shops.

Inventory:

Hand Weapons
 s - a +7 club (weapon)
 w - a +4 morningstar of freezing
 y - the +7 hand axe of Hell's Wrath {vamp, rPois rN+ Int+6 Dex-5}
   (You found it on level 6 of the Dungeon)

   It occasionally heals its wielder for a portion of the damage dealt when it
   wounds a living foe.
   Int:       It affects your intelligence (+6).
   Dex:       It affects your dexterity (-5).
   rPois:     It protects you from poison.
   rN:        It protects you from negative energy.
Missiles
 a - 2 throwing nets
 q - 45 poisoned darts (quivered)
Armour
 b - a scarf of resistance (melded)
 e - a +0 pair of gloves (melded)
 x - a +0 buckler (worn)
 z - a +0 plate armour (melded)
Jewellery
 n - a +6 ring of strength (left branch)
Wands
 h - a wand of paralysis (11)
 o - a wand of charming (7)
 r - a wand of digging (5)
 C - a wand of flame (20)
Scrolls
 d - 4 scrolls of teleportation
 j - 2 scrolls of enchant weapon
 u - a scroll of vulnerability
 v - a scroll of fear
 A - a scroll of identify
 B - a scroll of enchant armour
 D - a scroll of fog {unknown}
 E - a scroll of magic mapping {unknown}
Potions
 c - 3 potions of attraction
 g - a potion of cancellation
 i - a potion of brilliance
 k - 3 potions of berserk rage
 l - a potion of ambrosia
 m - 4 potions of curing
 p - a potion of resistance
 t - a potion of flight


   Skills:
 + Level 8.3 Fighting
 + Level 11.0 Maces & Flails
 - Level 6.0 Throwing
 + Level 11.8 Armour
 + Level 5.1 Dodging
 + Level 0.8 Shields


You had 9 spell levels left.
You didn't know any spells.
Your spell library contained the following spells:

 Spells                   Type           Power      Damage    Failure   Level
 Corona                   Hex            0%         N/A       63%         1
 Magic Dart               Conj           0%         1d3       63%         1
 Ensorcelled Hibernation  Hex/Ice        0%         N/A       77%         2
 Searing Ray              Conj           0%         3d3       77%         2
 Slow                     Hex            0%         N/A       77%         2
 Confusing Touch          Hex            0%         N/A       94%         3
 Summon Guardian Golem    Hex/Summ       0%         N/A       94%         3
 Tukima's Dance           Hex            0%         N/A       94%         3
 Vampiric Draining        Necr           0%         2d6       94%         3
 Fulminant Prism          Conj/Hex       0%         3d6       100%        4
 Blade Hands              Tmut           0%         N/A       100%        5
 Irradiate                Conj/Tmut      0%         3d13      100%        5
 Yara's Violent Unravell  Hex/Tmut       0%         3d3       100%        5
 Dragon Form              Tmut           0%         N/A       100%        7
 Orb of Destruction       Conj           0%         N/A       100%        7
 Spellforged Servitor     Conj/Summ      0%         N/A       100%        7


Dungeon Overview and Level Annotations

Branches:
Dungeon (8/15)             Temple (0/1) D:6
   Lair: D:8-11

Altars:
Dithmenos
Xom

Shops:
D:6 ?


Innate Abilities, Weirdness & Mutations

You are a tree.
Your roots penetrate the ground, keeping you stationary.
You cannot be teleported.
You are immune to unholy pain and torment.
Your maximum health is greatly increased.
Your equipment is partially melded.
((You have a pair of horns on your head.))
((You reflexively headbutt those who attack you in melee.))


Message History

You hit the centaur warrior.
The centaur warrior is moderately wounded.
The centaur warrior hits you!
* * * LOW HITPOINT WARNING * * *
The centaur warrior misses you.
You turn into a tree.
Your scarf of resistance melds into your body.
Your +0 pair of gloves melds into your body.
Your +0 plate armour melds into your body.
You feel hot and cold all over.
Your roots penetrate the ground.
You recover from your berserk rage.
The centaur warrior hits you but does no damage.
The centaur warrior kicks you but does no damage.
The centaur warrior hits you but does no damage.
The centaur warrior kicks you but does no damage.
You hit the centaur warrior.
The centaur warrior is moderately wounded.
You block the centaur warrior's attack.
The centaur warrior kicks you but does no damage.
You barely miss the centaur warrior.
The centaur warrior is moderately wounded.
The centaur warrior hits you but does no damage.
The centaur warrior kicks you but does no damage.
You barely miss the centaur warrior.
The centaur warrior is moderately wounded.
The centaur warrior hits you!
* * * LOW HITPOINT WARNING * * *
The centaur warrior kicks you but does no damage.
You hit the centaur warrior but do no damage.
The centaur warrior is moderately wounded.
The centaur warrior hits you but does no damage.
The centaur warrior kicks you but does no damage.
You sock the centaur warrior!
The centaur warrior is heavily wounded.
The centaur warrior hits you.
* * * LOW HITPOINT WARNING * * *
The centaur warrior kicks you but does no damage.
The centaur warrior hits you but does no damage.
The centaur warrior kicks you.
You die...

#.#######.##.##.........
..#.....#.#....###..#.#
..#.#'#.#..##.#.......#
.)#.#.#.#.####...#†####
..#.###.#..## .##.#.#.#
..#.....#...####.##..#
..###'###.###........#
..........#..#....####
#.#.###.##.##.#.♣##
...#.##...#..#.#c.......
..####..#####.#.##.###..
..# #.#. #..#..... ..#
#. # #...###.## ... ..
###... .. ..# ## .### ##
#


You could see a centaur warrior.

Vanquished Creatures
  A boulder beetle (D:8)
  A hydra (D:8)
  Pikel (D:7)
  A guardian serpent (shapeshifter) (D:8)
  A kobold demonologist (D:7)
  A slime creature (D:7)
  A shadow (D:8)
  A steam dragon (D:7)
  Duvessa (D:5)
  2 hornet zombies
  A sky beast (D:7)
  An ogre (D:5)
  2 ice beasts
  A lemure (D:7)
  A centaur (D:6)
  Blork the orc (D:6)
  Dowan (D:5)
  A water moccasin zombie (D:7)
  2 water moccasin skeletons (D:7)
  3 killer bees (D:7)
  4 wights (D:6)
  3 howler monkeys
  2 centaur zombies (D:8)
  A hound (D:4)
  A bullfrog skeleton (D:5)
  2 orc priests
  Jessica (D:2)
  4 iguanas
  Ijyb (D:4)
  Natasha (thrice) (D:2)
  3 orc wizards
  A hound skeleton (D:5)
  2 howler monkey zombies
  17 gnolls
  6 adders
  A howler monkey skeleton (D:6)
  2 shadow imps (D:7)
  2 white imps
  An ufetubus (D:6)
  A worm (D:3)
  2 dart slugs
  12 orcs
  9 ball pythons
  4 endoplasms
  7 giant cockroaches
  6 goblins
  7 hobgoblins
  11 jackals
  6 kobolds
  A quokka (D:3)
  8 bats
  3 frilled lizards
  2 rats
161 creatures vanquished.

Vanquished Creatures (others)
  An orc (D:5)
  12 plants (D:8)
13 creatures vanquished.

Grand Total: 174 creatures vanquished

Notes
Turn   | Place    | Note
-------+----------+-------------------------------------------
     0 | D:1      | ZARRMARR the Minotaur Berserker began the quest for the
                  | Orb.
     0 | D:1      | Reached XP level 1. HP: 19/19 MP: 0/0
   240 | D:1      | Reached XP level 2. HP: 26/27 MP: 1/1
   471 | D:1      | Reached XP level 3. HP: 33/33 MP: 2/2
   485 | D:1      | Found a faded altar of an unknown god.
   497 | D:1      | Reached ** piety under Trog
  1085 | D:2      | Reached XP level 4. HP: 35/41 MP: 3/3
  1346 | D:2      | Noticed Natasha
  1354 | D:2      | Killed Natasha
  1355 | D:2      | Reached skill level 5 in Maces & Flails
  1439 | D:2      | Noticed Natasha
  1447 | D:2      | Killed Natasha
  1448 | D:2      | Reached XP level 5. HP: 36/47 MP: 4/4
  1629 | D:2      | Noticed Jessica
  1636 | D:2      | Killed Jessica
  1637 | D:2      | Reached skill level 5 in Fighting
  1882 | D:2      | Noticed Natasha
  1889 | D:2      | Killed Natasha
  2589 | D:3      | Reached skill level 1 in Throwing
  2895 | D:3      | Reached *** piety under Trog
  2934 | D:3      | Found a shimmering altar of Xom.
  3304 | D:4      | Reached XP level 6. HP: 42/56 MP: 5/5
  3935 | D:4      | Noticed Ijyb
  3945 | D:4      | Killed Ijyb
  4038 | D:4      | Found a shadowy altar of Dithmenos.
  4290 | D:5      | Entered Level 5 of the Dungeon
  4388 | D:5      | Reached XP level 7. HP: 35/61 MP: 6/6
  4863 | D:5      | Noticed Duvessa
  4864 | D:5      | Noticed Dowan
  4872 | D:5      | Killed Duvessa
  5194 | D:5      | Killed Dowan
  6242 | D:6      | Found a staircase to the Ecumenical Temple.
  6251 | D:6      | Noticed Blork the orc
  6260 | D:6      | Killed Blork the orc
  6261 | D:6      | Reached skill level 5 in Throwing
  6261 | D:6      | Reached XP level 8. HP: 70/70 MP: 7/7
  6498 | D:6      | Found Fingaas's Magic Scroll Shop.
  7097 | D:6      | Identified the +7 hand axe of Hell's Wrath {vamp, rPois rN+
                  | Int+6 Dex-5}
  7352 | D:7      | Noticed a kobold demonologist
  7355 | D:7      | Noticed a slime creature
  7378 | D:7      | Killed a kobold demonologist
  7379 | D:7      | Reached skill level 5 in Armour
  7385 | D:7      | Killed a slime creature
  7386 | D:7      | Reached XP level 9. HP: 29/78 MP: 8/8
  7406 | D:7      | Reached **** piety under Trog
  7733 | D:7      | Noticed Pikel
  7744 | D:7      | Killed Pikel
  8632 | D:6      | Bought a scroll of identify for 20 gold pieces
  8632 | D:6      | Bought a scroll of identify for 20 gold pieces
  8632 | D:6      | Bought a scroll of enchant armour for 75 gold pieces
  8632 | D:6      | Bought a scroll of identify for 20 gold pieces
  8632 | D:6      | Bought a scroll of identify for 20 gold pieces
  8632 | D:6      | Bought a scroll of identify for 20 gold pieces
  8835 | D:8      | Reached skill level 5 in Dodging
  8868 | D:8      | Reached skill level 10 in Maces & Flails
  8891 | D:8      | Noticed a boulder beetle
  8913 | D:8      | Killed a boulder beetle
  8914 | D:8      | Reached skill level 10 in Armour
  8914 | D:8      | Reached XP level 10. HP: 22/88 MP: 9/9
  9037 | D:8      | Noticed a guardian serpent
  9051 | D:8      | Killed a guardian serpent
  9362 | D:8      | Noticed a four-headed hydra
  9370 | D:8      | Killed a four-headed hydra
  9398 | D:8      | Noticed a centaur warrior
  9419 | D:8      | HP: 3/132 [centaur warrior (6)]
  9419 | D:8      | Slain by a centaur warrior

Illustrated notes

Levels and vault maps discovered:
D:1:      minmay_arrival_radiant_lines, layout_basic,
          ebering_ecumenical_altar_rust
D:2:      layout_basic, grunt_ministairs_15, kennysheep_big_empty_room,
          uniq_jessica, uniq_natasha
D:3:      layout_basic, tgw_xom, kennysheep_generic_room_11
D:4:      layout_basic, nicolae_overflow_crystal_walls, grunt_decor_fettered,
          uniq_ijyb
D:5:      layout_rooms, lemuel_flamethrower_2, uniq_duvessa
D:6:      layout_basic, minmay_temple_entry_wispy, nicolae_take_the_stairs,
          uniq_blork_the_orc
D:7:      layout_rooms, minmay_manual_monstrance, uniq_pikel
D:8:      kennysheep_blocky_room, layout_basic, minmay_shattered_shrine

Skill      XL: |  1  2  3  4  5  6  7  8  9 10 |
---------------+-------------------------------+-----
Maces & Flails | 4 5 6 7 8 10 11 | 11.0
Fighting       | 4 5 6 7 8 |  8.3
Armour         | 3 6 10 11 | 11.8
Dodging        | 3 4 5 |  5.1
Throwing       | 1 3 5 6 |  6.0
Shields        | |  0.8

Action                   |  1- 3 |  4- 6 |  7- 9 | 10-12 || total
-------------------------+-------+-------+-------+-------++-------
Melee: Mace              |    43 |    86 |       |       ||   129
       Headbutt          |     3 |    18 |    39 |     6 ||    66
       Club              |       |    22 |   175 |    27 ||   224
Throw: Dart              |       |    75 |    35 |     5 ||   115
Invok: Berserk           |     1 |     4 |    14 |     2 ||    21
       Trog's Hand       |       |       |       |     1 ||     1
  Use: Scroll            |     3 |     5 |     6 |       ||    14
       Potion            |       |       |     1 |     1 ||     2
 Stab: Sleeping          |     1 |       |       |       ||     1
Armor: Animal skin       |     3 |    10 |       |       ||    13
       Scale mail        |       |       |     7 |       ||     7
       Plate armour      |       |       |    43 |    23 ||    66
       Skin              |       |       |       |    12 ||    12
Dodge: Dodged            |    30 |    67 |    74 |     8 ||   179
Block: Buckler           |       |       |     2 |     6 ||     8
